 Dungeon Crawl Stone Soup version bcrawl-1.27.6 (webtiles) character file.

Game seed: 1372037094963604229

71697 DogServant the Sneak (level 1, 6/11 HPs)
             Began as an Octopode Wizard on Oct 8, 2020.
             Quit the game on level 1 of the Dungeon.
             The game lasted 00:00:53 (404 turns).

DogServant the Sneak (Octopode Wizard)               Turns: 404, Time: 00:00:54

Health: 6/11       AC:  1    Str:  6    XL:     1   Next: 90%
Magic:  4/4        EV: 13    Int: 20    God:
Gold:   0          SH:  0    Dex: 10    Spells: 5/6 levels left

rFire    . . .     SeeInvis .   a - +0 staff
rCold    . . .     Gourm    .   (no shield)
rNeg     . . .     Faith    .   b - +0 hat
rPois    .         Spirit   .   (cloak restricted)
rElec    .         Reflect  .   (no amulet)
rCorr    .         Harm     .   (no ring)
MR       .....                  (no ring)
Stlth    +++.......             (no ring)
HPRegen  0.03/turn              (no ring)
MPRegen  0.09/turn              (no ring)
                                (no ring)
                                (no ring)
                                (no ring)

@: no status effects
A: almost no armour, stealthy swim, amphibious, 8 rings, constrict 8, camouflage
1, gelatinous body 1
a: no special abilities


You were on level 1 of the Dungeon.
You were not hungry.

You visited 1 branch of the dungeon, and saw 1 of its levels.

Inventory:

Hand Weapons
 a - a +0 staff (weapon)
Armour
 b - a +0 hat (worn)
Scrolls
 c - a scroll of identify
Potions
 d - a potion of brilliance
Comestibles
 e - 3 rations {!d}
 f - 4 chunks of flesh


   Skills:
 + Level 2.0 Dodging
 + Level 3.3 Stealth
 + Level 3.1 Spellcasting
 + Level 1.2 Conjurations
   Level 1.0 Summonings
   Level 1.0 Translocations


You had 5 spell levels left.
You knew the following spells:

 Your Spells              Type           Power        Failure   Level  Hunger
a - Magic Dart            Conj           #...         9%          1    None

Your spell library contained the following spells:

 Spells                   Type           Power        Failure   Level  Hunger
 Blink                    Tloc           N/A          14%         2    #......
 Call Imp                 Summ           #.....       14%         2    #......
 Conjure Flame            Conj/Fire      #.......     32%         3    ####...
 Mephitic Cloud           Conj/Pois/Air  #.......     34%         3    ####...
 Spider Form              Tmut/Pois      #..          38%         3    ####...


Dungeon Overview and Level Annotations

Branches:
Dungeon (1/12)

Altars:


Innate Abilities, Weirdness & Mutations

You cannot wear most types of armour.
You are very stealthy in the water. (Stealth+)
You are amphibious.
You can wear up to eight rings at the same time.
You can use your tentacles to constrict eight enemies at once.
Your skin changes colour to match your surroundings (Stealth+).
Your rubbery body absorbs attacks. (AC +1, EV +1)


Message History

There is an open door here.
A giant cockroach is nearby!
A giant cockroach is nearby!
A giant cockroach is nearby!
You see here a white potion.
You see here a runed hunting sling.
The helpless giant cockroach fails to defend itself.
You hit the giant cockroach but do no damage.
Your grab misses the giant cockroach. The giant cockroach bites you.
You hit the giant cockroach. Your grab misses the giant cockroach.
Your squeeze misses the giant cockroach.
The giant cockroach is moderately wounded.
The giant cockroach bites you.
You closely miss the giant cockroach. Your grab misses the giant cockroach.
The giant cockroach is moderately wounded.
The giant cockroach bites you. The giant cockroach barely misses you.
You are too injured to fight recklessly!
You are too injured to fight recklessly!
You are too injured to fight recklessly!
Are you sure you want to abandon this character and quit the game? (Confirm with "yes".)

.......... .........#
...$... .........#
..... .........#
..... .........# ...
.........# ...
####..#######.####
#.[..)...##.s....#
#........##..@...#
#........##..)...#
####........##......#
#...........##..!...#
#.########.###......#
#.## #.###......#
#..# #..####'####
#''# ##.## #.# #..#
####..###.#


You could see a giant cockroach.

Vanquished Creatures
  A dart slug (D:1)
  A hobgoblin (D:1)
  2 kobolds (D:1)
4 creatures vanquished.

Notes
Turn   | Place    | Note
-------+----------+-------------------------------------------
     0 | D:1      | DogServant the Octopode Wizard began the quest for the Orb.
     0 | D:1      | Reached XP level 1. HP: 11/11 MP: 4/4
   404 | D:1      | Quit the game

Action                   || total
-------------------------++-------
Melee: Staff             ||    15
       Constrict         ||     4
       Tentacles         ||     1
 Stab: Sleeping          ||     1
Dodge: Dodged            ||     7
